 Dungeon Crawl Stone Soup version 0.31-a0-355-g57cb03d3e8 (webtiles) character file.

Game seed: 5649694615238566343

200 randomguy2701 the Chopper (level 5, -2/47 HPs)
             Began as a Hill Orc Monk on July 24, 2023.
             Slain by an ogre
             ... wielding a +0 giant club
              (16 damage)
             ... on level 4 of the Dungeon.
             The game lasted 00:03:48 (2185 turns).

randomguy2701 the Chopper (Hill Orc Monk)           Turns: 2185, Time: 00:03:49

Health: -2/47      AC:  6    Str: 16    XL:     5   Next: 78%
Magic:  5/5        EV:  5    Int: 10    God:
Gold:   137        SH:  0    Dex: 13    Spells: 4/4 levels left

rFire   . . .        a - +0 hand axe
rCold   . . .        d - orb {light}
rNeg    . . .        n - +0 plate armour
rPois   .            (no helmet)
rElec   .            (no cloak)
rCorr   .            (no gloves)
SInv    .            (no boots)
Will    .....        (no amulet) Stlth
                     (no ring)
HPRegen 0.27/turn    (no ring)
MPRegen 0.09/turn

%: no passive effects
@: corroded, glowing, unable to read
A: inability to read after injury 1
a: no special abilities


You were on level 4 of the Dungeon.
You visited 1 branch of the dungeon, and saw 4 of its levels.

You collected 137 gold pieces.

Inventory:

Hand Weapons
 a - a +0 hand axe (weapon)
Armour
 b - a +0 robe
 d - an orb of light (worn)
 h - a +4 scale mail
 n - a +0 plate armour (worn)
Scrolls
 f - 2 scrolls of amnesia {unknown}
 j - 2 scrolls of revelation {unknown}
 l - 3 scrolls of teleportation {unknown}
 m - a scroll of vulnerability {unknown}
 o - a scroll of enchant weapon {unknown}
Potions
 c - a potion of ambrosia
 e - 2 potions of lignification {unknown}
 g - 2 potions of curing
 i - 3 potions of mutation
 k - a potion of berserk rage {unknown}


   Skills:
 + Level 4.8 Fighting
 + Level 6.3 Axes
 + Level 1.3 Armour
 + Level 3.1 Dodging
 + Level 0.3 Stealth


You had 4 spell levels left.
You didn't know any spells.
Your spell library was empty.

Dungeon Overview and Level Annotations

Branches:
Dungeon (4/15)
 Temple: D:4-7

Altars:
Elyvilon

Shops:
D:3 (

Annotations:
D:4 Blork the orc


Innate Abilities, Weirdness & Mutations

You occasionally lose the ability to read scrolls when taking damage.


Message History

Blork the orc hits you with a +0 battleaxe.
You see here a ball python corpse.
You hit Blork the orc but do no damage. You hit Blork the orc but do no damage.
Blork the orc hits you with a +0 battleaxe.
You barely miss Blork the orc.
Blork the orc hits you with a +0 battleaxe!
You barely miss Blork the orc. Blork the orc barely misses you.
You slash Blork the orc!
Blork the orc is moderately wounded.
Blork the orc hits you with a +0 battleaxe.
You are too injured to fight recklessly!
You are too injured to fight recklessly!
You are too injured to fight recklessly!
You are too injured to fight recklessly!
You are too injured to fight recklessly!
You are too injured to fight recklessly!
You are too injured to fight recklessly!
Blork the orc mumbles some strange words.
Blork the orc seems to speed up.
The jelly barely misses you. The ogre hits you with a +0 giant club!
* * * LOW HITPOINT WARNING * * *
The hobgoblin attacks as you move away!
The hobgoblin hits you but does no damage.
The ogre attacks as you move away! The ogre barely misses you.
The jelly attacks as you move away! The jelly hits you.
* * * LOW HITPOINT WARNING * * *
The acid corrodes you!
You are splashed with acid!
* * * LOW HITPOINT WARNING * * *
It was a potion of mutation.
You feel extremely strange.
You occasionally lose the ability to read scrolls when taking damage.
The jelly barely misses you.
A kobold opens the door.
The hobgoblin hits you but does no damage.
Blork the orc looks encouraged for a moment.
It was a potion of curing.
You feel better.
The kobold shouts!
The hobgoblin closely misses you. The jelly barely misses you.
The ogre hits you with a +0 giant club!
You feel threatened and lose the ability to read scrolls!
You die...

... # #.#.# # #.
......# #.#
#.#.#.#
#.#........#
#.#.#.#$#.####.
...$...........
#.#.#@#.##
#...OgJo.#
#.#.#.#.##
#......<.# #
...#.#.#.#..#
##....[†..#K#
#..#.#.#.#....?
#.#.!..........
#.##.#.#.#......


You could see Blork the orc (fast), an ogre, a jelly, a hobgoblin and a kobold.

Vanquished Creatures
  A phantom (D:3)
  Jessica (D:2)
  2 adders
  2 worms
  4 dart slugs
  7 bats
  6 endoplasms
  2 giant cockroaches
  8 goblins
  5 hobgoblins
  2 jackals (D:1)
  8 kobolds
  A quokka (D:3)
  11 ball pythons
  6 frilled lizards
  4 rats
70 creatures vanquished.

Notes
Turn   | Place    | Note
-------+----------+-------------------------------------------
     0 | D:1      | randomguy2701 the Hill Orc Monk began the quest for the
                  | Orb.
     0 | D:1      | Reached XP level 1. HP: 19/19 MP: 1/1
    44 | D:1      | Reached XP level 2. HP: 27/27 MP: 2/2
   228 | D:1      | Found a faded altar of an unknown god.
   368 | D:1      | Reached XP level 3. HP: 33/33 MP: 3/3
   892 | D:2      | Noticed Jessica
   905 | D:2      | Reached skill level 5 in Axes
   911 | D:2      | Killed Jessica
   912 | D:2      | Reached XP level 4. HP: 40/41 MP: 4/4
  1480 | D:3      | Noticed a phantom
  1503 | D:3      | Killed a phantom
  1504 | D:3      | Reached skill level 6 in Axes
  1504 | D:3      | Reached skill level 1 in Armour
  1504 | D:3      | Reached XP level 5. HP: 39/47 MP: 5/5
  1657 | D:3      | Found a white marble altar of Elyvilon.
  1765 | D:3      | Found Mitog's Weapon Boutique.
  2170 | D:4      | Noticed Blork the orc
  2173 | D:4      | Noticed an ogre
  2183 | D:4      | HP: 2/47 [acid (10)]
  2184 | D:4      | Gained mutation: You occasionally lose the ability to read
                  | scrolls when taking damage. [potion of mutation]
  2185 | D:4      | Slain by an ogre

Illustrated notes

Levels and vault maps discovered:
D:1:      lightli_arrival_chessboard, layout_rooms,
          nicolae_ecumenical_snake_handling, chequers_jeans,
          grunt_decor_junction
D:2:      layout_loops_ring, minmay_tromino_i2, uniq_jessica
D:3:      layout_loops_ring, mainiacjoe_overflow_concentric_impassable,
          serial_shops, nicolae_shop_tiny_real_fake_doors
D:4:      layout_basic, st_stairs_12, uniq_blork_the_orc

Skill      XL: |  1  2  3  4 |
---------------+-------------+-----
Fighting       | 4 |  4.8
Axes           | 5 6 |  6.3
Dodging        | 3 |  3.1
Armour         | 1 |  1.3
Stealth        | |  0.3

Action                     |  1- 3 |  4- 6 || total
---------------------------+-------+-------++-------
  Melee: Hand axe          |    94 |    99 ||   193
    Use: Potion            |       |     2 ||     2
 Armour: Robe              |     9 |       ||     9
         Scale mail        |     5 |    15 ||    20
         Plate armour      |       |    42 ||    42
  Dodge: Dodged            |    66 |    33 ||    99

Table legend: (Time is in decaauts)
 A = Elapsed time spent in this place.
 B = Non-inter-level travel time spent in this place.
 C = Inter-level travel time spent in this place.
 D = Time resting spent in this place.
 E = Time spent auto-exploring this place.
 F = Levels seen in this place.
 G = Mean time per level.
                   A        B        C        D        E       F      G
               +--------+--------+--------+--------+--------+-----+--------+
         Total |   2191 |   2122 |     69 |      0 |   1672 |   4 |  547.8 |
       Dungeon |   2191 |   2122 |     69 |      0 |   1672 |   4 |  547.8 |
               +--------+--------+--------+--------+--------+-----+--------+

Top non-repeatable levels by time:
     D:1: 792 daAuts
     D:3: 704 daAuts
     D:2: 679 daAuts
     D:4: 14 daAuts
